 Dungeon Crawl Stone Soup version 0.30-a0-715-gdb4ae3ece1 (webtiles) character file.

Game seed: 17535045967103008378

42 MackTheKnife the Shield-Bearer (level 4, -6/40 HPs)
             Began as a Meteoran Wanderer on Jan 24, 2023.
             Mangled by Terence
             ... wielding a +0 flail
              (7 damage)
             ... on level 2 of the Dungeon.
             The game lasted 00:01:54 (604 turns).

MackTheKnife the Shield-Bearer (Meteoran Wanderer)   Turns: 604, Time: 00:01:54

Health: -6/40      AC:  9    Str: 10 (13) XL:     4   Next: 3%
Magic:  4/7        EV:  9    Int: 13 (14) God:
Gold:   78         SH:  5    Dex: 13 (15) Spells: 4/5 levels left

rFire   . . .      SeeInvis .    a - +0 dagger {short}
rCold   . . .      Faith    .    d - +0 buckler {AC+3}
rNeg    . . .      Spirit   .    g - +0 ring mail
rPois   .          Reflect  .    (no helmet)
rElec   .          Harm     .    (no cloak)
rCorr   .          Rampage  .    h - +0 pair of gloves
Will    .....                    (no boots)
Stlth   +                        (no amulet)
HPRegen 0.26/turn                f - ring of flight
MPRegen 0.10/turn                (no ring)

@: brilliant, flying, very slightly contaminated, glowing
A: sense surroundings 1, otherworldly, glowing, explore regen
a: no special abilities


You were on level 2 of the Dungeon.
You visited 1 branch of the dungeon, and saw 2 of its levels.

You collected 78 gold pieces.


Innate Abilities, Weirdness & Mutations

You passively map a small area around you.
You are easily found by Zot.
You glow in the dark.
You regain HP and MP as you explore.


   Skills:
 + Level 3.7 Fighting
 - Level 2.4 Armour
 - Level 5.3 Shields
 - Level 1.3 Spellcasting
 - Level 1.2 Poison Magic


You had 4 spell levels left.
You knew the following spells:

 Your Spells              Type           Power      Damage    Failure   Level
a - Sting                 Tmut/Pois      12%        1d3       56%         1

Your spell library contained the following spells:

 Spells                   Type           Power      Damage    Failure   Level
 Mephitic Cloud           Conj/Pois/Air  2%         N/A       92%         3
 Gell's Gravitas          Tloc           1%         N/A       95%         3
 Teleport Other           Tloc           1%         N/A       95%         3
 Dispersal                Tloc           0%         N/A       100%        6

Inventory:

Hand Weapons
 a - a +0 dagger (weapon) {short}
Armour
 b - a +0 scale mail
 d - a +0 buckler of protection (worn)
 g - a +0 ring mail (worn)
   (You found it on level 1 of the Dungeon)
 h - a +0 pair of gloves (worn)
   (You found it on level 1 of the Dungeon)
 i - a +0 robe
   (You found it on level 1 of the Dungeon)
 j - a +0 ring mail
   (You found it on level 1 of the Dungeon)
 l - a +0 ring mail
   (You found it on level 1 of the Dungeon)
 q - a +0 scale mail
   (You found it on level 1 of the Dungeon)
 r - a +0 leather armour
   (You found it on level 1 of the Dungeon)
Jewellery
 f - a ring of flight (left hand)
   (You found it on level 1 of the Dungeon)
Scrolls
 c - a scroll of fog
 e - a scroll of amnesia {unknown}
 k - a scroll of magic mapping {unknown}
 m - a scroll of identify {unknown}
 n - a scroll of vulnerability {unknown}

Dungeon Overview and Level Annotations

Branches:
Dungeon (2/15) Zot: 588

Altars:

Annotations:
D:2 Terence

..######## , * *
#........## ,#
.?.......###.#####
,
,.##......<.).....
* ,
#...).........., *
#....##...###.. ,
#.#.##...## * **
#.#@# ...# *
#.#@##...# ** ,
............... ,
, ,
......#.###.### ,
* ..###.#.# * ,
....# , , #.,.##*
, , , # . * , .. *


You could see Terence.


Message History

The quokka bites you but does no damage.
You closely miss the quokka. You block the quokka's attack.
You closely miss the quokka. The quokka bites you. 😮 HP[-2]
You take 2 damage, and now have 22/31 hp.
You hit the quokka but do no damage. You block the quokka's attack. 😮 HP[+1]
You hit the quokka. You block the quokka's attack.
The quokka bites you but does no damage.
Terence shouts, "Now you die!"
You hit the quokka. The quokka bites you. 😮 HP[-1]
You take 1 damage, and now have 22/31 hp.
You barely miss the quokka.
The quokka completely misses you. 😮 HP[+1]
You hit the quokka.
The quokka bites you but does no damage.
You closely miss the quokka. The quokka bites you.
The quokka bites you but does no damage. 😮 HP[-1]
You take 1 damage, and now have 22/31 hp.
You barely miss the quokka. The quokka bites you. 😮 HP[-2]
You take 2 damage, and now have 20/31 hp.
You hit the quokka.
You kill the quokka!
You have reached level 4! 😮 HP[+7] MP[+1]
You now have 40 max hp (+9).
You regained 7 hp, and now have 27/40 hp.
Your mp is fully restored (7).
You hit the ball python. The ball python barely misses you. x2
You block the ball python's attack. The ball python grabs you.
The ball python constricts you.
You hit the ball python.
You kill the ball python!
Okay, then.
You barely miss Terence.
Terence hits you with a +0 flail. 😮 HP[-1]
You take 1 damage, and now have 26/40 hp.
You barely miss Terence. Terence hits you with a +0 flail!
* * * LOW HITPOINT WARNING * * *
😨 HP[-7]
You take 7 damage, and now have 19/40 hp.
You closely miss Terence. Terence hits you with a +0 flail.
* * * LOW HITPOINT WARNING * * *
😨 HP[-3]
You take 3 damage, and now have 16/40 hp.
You hit Terence. Terence hits you with a +0 flail.
* * * LOW HITPOINT WARNING * * *
😨 HP[-4]
You take 4 damage, and now have 12/40 hp.
You hit Terence but do no damage.
Terence hits you but does no damage. 😨 HP[+1]
Casting: Sting (safe; 47% risk of failure)
Confirm with . or Enter, or press ? or * to list all spells.
Aiming: Sting (safe; 47% risk of failure)
Press: ? - help, Shift-Dir - straight line, f - Terence
Aim: Terence, wielding a +0 flail and wearing a +0 ring mail (lightly wounded, 69% to hit)
You miscast Sting.
You are very lightly contaminated with residual magic.
Nothing appears to happen.
Terence says, "Time to say good-bye..."
Terence hits you with a +0 flail.
* * * LOW HITPOINT WARNING * * *
😱 HP[-4] MP[-1]
You take 4 damage, and now have 9/40 hp.
You lost 1 mp, and now have 6/7 mp.
Casting: Sting (safe; 47% risk of failure)
Confirm with . or Enter, or press ? or * to list all spells.
Aiming: Sting (safe; 47% risk of failure)
Press: ? - help, Shift-Dir - straight line, f/p - Terence
Aim: Terence, wielding a +0 flail and wearing a +0 ring mail (lightly wounded, 69% to hit)
You miscast Sting.
Nothing appears to happen.
Terence completely misses you. 😱 MP[-1]
You lost 1 mp, and now have 5/7 mp.
Casting: Sting (safe; 47% risk of failure)
Confirm with . or Enter, or press ? or * to list all spells.
Aiming: Sting (safe; 47% risk of failure)
Press: ? - help, Shift-Dir - straight line, f/p - Terence
Aim: Terence, wielding a +0 flail and wearing a +0 ring mail (lightly wounded, 69% to hit)
You miscast Sting.
Nothing appears to happen.
Terence hits you with a +0 flail.
* * * LOW HITPOINT WARNING * * *
😱 HP[-1] MP[-1]
You take 1 damage, and now have 8/40 hp.
You lost 1 mp, and now have 4/7 mp.
It was a potion of degeneration.
There was something very wrong with that liquid.
You feel weakened.
You feel dopey.
You feel clumsy. Terence hits you with a +0 flail!
* * * LOW HITPOINT WARNING * * *
😱 HP[-7]
You take 7 damage, and now have 1/40 hp.
It was a potion of brilliance.
You feel clever all of a sudden. Terence hits you with a +0 flail!
You die...

Skill      XL: |  1  2  3 |
---------------+----------+-----
Shields        | 5 |  5.3
Fighting       | 3 |  3.7
Armour         | |  2.4
Spellcasting   | |  1.3
Poison Magic   | |  1.2

Action                     |  1- 3 |  4- 6 || total
---------------------------+-------+-------++-------
  Melee: Dagger            |   211 |     7 ||   218
    Use: Potion            |       |     2 ||     2
 Armour: Scale mail        |    45 |       ||    45
         Ring mail         |    47 |     1 ||    48
  Dodge: Dodged            |    57 |     3 ||    60
  Block: Buckler           |    71 |     1 ||    72

Levels and vault maps discovered:
D:1:      minmay_arrival_shoal_huts, layout_basic, minmay_worlds_worst_comb
D:2:      layout_loops_ring, hellmonk_ecumenical_altar_heavens_door,
          uniq_terence, uniq_crazy_yiuf_cottage, uniq_jessica

Notes
Turn   | Place    | Note
-------+----------+-------------------------------------------
     0 | D:1      | MackTheKnife the Meteoran Wanderer began the quest for the
                  | Orb.
     0 | D:1      | MackTheKnife set off with the following items: a +0 dagger
                  | {short}, a +0 scale mail, a scroll of fog, a +0 buckler of
                  | protection; and the following spell memorised: Sting; and
                  | the following spells available to memorise: Mephitic Cloud.
     0 | D:1      | Reached XP level 1. HP: 17/17 MP: 3/3
     0 | D:1      | magus.rc [v1.9.6]
    90 | D:1      | Reached skill level 5 in Shields
    97 | D:1      | Reached XP level 2. HP: 19/25 MP: 5/5
   133 | D:1      | HP: 5/25 [hobgoblin (3)]
   248 | D:1      | Reached XP level 3. HP: 26/30 MP: 6/6
   267 | D:1      | You add the spells Gell's Gravitas, Teleport Other and
                  | Dispersal to your library.
   341 | D:1      | Reached skill level 3 in Fighting
   494 | D:1      | Glimpsed the power of Zot.
   544 | D:1      | Glimpsed the power of Zot.
   550 | D:2      | Noticed Terence
   593 | D:2      | Reached XP level 4. HP: 27/40 MP: 7/7
   600 | D:2      | HP: 9/40 [Terence/+0 flail (4)]
   603 | D:2      | HP: 1/40 [Terence/+0 flail (8)]
   604 | D:2      | Mangled by Terence

Vanquished Creatures
  An adder (D:2)
  A dart slug (D:1)
  2 bats (D:1)
  An endoplasm (D:1)
  3 giant cockroaches (D:1)
  2 goblins (D:1)
  2 hobgoblins (D:1)
  4 jackals (D:1)
  2 kobolds (D:1)
  3 quokkas
  3 ball pythons
  A rat (D:1)
25 creatures vanquished.

Table legend:
 A = Non-vault XP
 B = Vault XP
 C = Vault XP percentage of total XP
 D = Non-vault monster count
 E = Vault monster count
 F = Vault count percentage of total count
                 A         B        C        D         E       F
            +---------+---------+-------+---------+---------+-------
      Total |      54 |       6 |  10.0 |      22 |       3 |  12.0
            +---------+---------+-------+---------+---------+-------
        D:1 |      36 |       6 |  14.3 |      18 |       3 |  14.3
        D:2 |      18 |       0 |   0.0 |       4 |       0 |   0.0
            +---------+---------+-------+---------+---------+-------

Illustrated notes

Table legend:
 A = Kills in this place as a percentage of kills in entire the game.
 B = Kills by you in this place as a percentage of kills by you in the entire game.
 C = Kills by friends in this place as a percentage of kills by friends in the entire game.
 D = Other kills in this place as a percentage of other kills in the entire game.
 E = Experience gained in this place as a percentage of experience gained in the entire game.
 F = Experience gained in this place divided by the number of levels of this place that you have seen.
                   A       B       C       D       E      F
               +-------+-------+-------+-------+-------+----------------------
         Total | 100.0 | 100.0 |   N/A |   N/A | 100.0 |  30.0
       Dungeon | 100.0 | 100.0 |   N/A |   N/A | 100.0 |  30.0
               +-------+-------+-------+-------+-------+----------------------

Table legend: (Time is in decaauts)
 A = Elapsed time spent in this place.
 B = Non-inter-level travel time spent in this place.
 C = Inter-level travel time spent in this place.
 D = Time resting spent in this place.
 E = Time spent auto-exploring this place.
 F = Levels seen in this place.
 G = Mean time per level.
                   A        B        C        D        E       F      G
               +--------+--------+--------+--------+--------+-----+--------+
         Total |    610 |    587 |     23 |      0 |    262 |   2 |  305.0 |
       Dungeon |    610 |    587 |     23 |      0 |    262 |   2 |  305.0 |
               +--------+--------+--------+--------+--------+-----+--------+

Top non-repeatable levels by time:
     D:1: 555 daAuts
     D:2: 55 daAuts
